 Dungeon Crawl Stone Soup version 0.19-a0-1886-gd64a0f0 (webtiles) character file.

3058 dvd the Tainter (level 9, -11/55 HPs)
             Began as an Octopode Venom Mage on Oct 15, 2016.
             Was a Believer of Qazlal.
             Mangled by a hill giant
             ... wielding a +0 giant club
              (17 damage)
             ... on level 7 of the Dungeon.
             The game lasted 00:27:25 (8588 turns).

dvd the Tainter (Octopode Venom Mage)               Turns: 8588, Time: 00:27:26

Health: -11/55     AC:  1    Str:  8    XL:     9   Next: 87%
Magic:  14/20      EV: 15    Int: 21    God:    Qazlal [**....]
Gold:   389        SH:  7    Dex: 13    Spells: 2 memorised, 17 levels left

rFire  . . .     SeeInvis .     a - +3 war axe (chop)
rCold  . . .     Gourm    .     l - +1 buckler
rNeg   . . .     Faith    .     (helmet restricted)
rPois  .         Spirit   .     r - amulet of magic regeneration
rElec  .         Dismiss  .     h - +1 ring of evasion
rCorr  .         Reflect  .     x - +2 ring of intelligence
MR     .....     Harm     .     (no ring)
Stlth  +++.......               (no ring)
                                (no ring)
                                (no ring)
                                (no ring)
                                (no ring)

@: no status effects
A: almost no armour, stealthy swim, amphibious, 8 rings, constrict 8, camouflage
1, gelatinous body 1
a: Upheaval, Renounce Religion


You were on level 7 of the Dungeon.
You worshipped Qazlal.
Qazlal was pleased with you.
You were not hungry.

You visited 2 branches of the dungeon, and saw 8 of its levels.

You collected 389 gold pieces.

Inventory:

Hand Weapons
 a - a +3 war axe of chopping (weapon)
 c - a +0 short sword
 y - a +0 dagger of venom
 A - a +1 whip of draining
 F - a +0 rapier
Armour
 l - a +1 buckler (worn)
Magical Staves
 d - an uncursed staff of death
 E - an uncursed staff of earth
Jewellery
 h - a +1 ring of evasion (left tentacle)
 r - an amulet of magic regeneration (around mantle)
 x - a +2 ring of intelligence (right tentacle)
Scrolls
 j - 2 scrolls of remove curse
 k - a scroll of noise
 m - a scroll of teleportation
 q - 4 scrolls of identify
Potions
 e - 4 potions of curing
 n - a potion of haste {unknown}
 p - a potion of cancellation {unknown}
 z - a potion of brilliance {unknown}
 B - a potion of resistance {unknown}
Books
 u - a Young Poisoner's Handbook

   Spells                             Type                      Level
   a - Sting                          Conjuration/Poison           1
   b - Mephitic Cloud                 Conjuration/Poison/Air       3
   c - Olgreb's Toxic Radiance        Poison                       4
   d - Alistair's Intoxication        Transmutation/Poison         5
   e - Venom Bolt                     Conjuration/Poison           5
Comestibles
 b - 8 bread rations
 s - 4 fruits
 t - 4 meat rations


   Skills:
 + Level 2.6 Fighting
 + Level 3.3 Short Blades
 + Level 2.2 Axes
 + Level 3.3 Dodging
 + Level 4.4 Stealth
 + Level 1.5 Shields
 + Level 7.4 Spellcasting
 + Level 2.8 Conjurations
 + Level 10.4 Poison Magic
 + Level 1.4 Invocations


You had 17 spell levels left.
You knew the following spells:

 Your Spells              Type           Power        Failure   Level  Hunger
a - Sting                 Conj/Pois      ####         1%          1    None
b - Olgreb's Toxic Radia  Pois           ######..     1%          4    ###....


Dungeon Overview and Level Annotations

Branches:
Dungeon (7/15)             Temple (1/1) D:6

Altars:
Ashenzari
Dithmenos
Elyvilon
Fedhas
Gozag
Hepliaklqana
Kikubaaqudgha
Makhleb
Nemelex Xobeh
Okawaru
Qazlal
Sif Muna
Trog
Uskayaw
Yredelemnul
Zin
The Shining One

Annotations:
D:4 Blork the orc


Innate Abilities, Weirdness & Mutations

You cannot wear most types of armour.
You are very stealthy in the water. (Stealth+)
You are amphibious.
You can wear up to eight rings at the same time.
You can use your tentacles to constrict eight enemies at once.
Your skin changes colour to match your surroundings (Stealth+).
Your rubbery body absorbs attacks. (AC +1, EV +1)


Message History

You slash the bullfrog!
You kill the bullfrog!
Qazlal accepts your kill.
You barely miss the hill giant.
The hill giant looks as sick as possible!
You block the hill giant's attack.
Unknown command.
You hit the hill giant.
The hill giant is heavily wounded.
The hill giant looks as sick as possible!
The hill giant hits you with a giant club!!!
Ouch! That really hurt!
* * * LOW HITPOINT WARNING * * *
You hear a shout!
A howler monkey skeleton comes into view.
The hill giant looks as sick as possible!
Your toxic aura wanes.
There is a stone staircase leading up here.
The hill giant hits you with a giant club!
You die...

#
.###.####
#.......#
#@# #C##
#<.# #..#
#..#
....#
.......
###..Z...
##.......


You could see a hill giant and a howler monkey skeleton.

Vanquished Creatures
  Prince Ribbit (D:6)
  5 yaks (D:4)
  Menkaure (D:6)
  A sky beast (D:5)
  2 phantoms
  An ice beast (D:6)
  4 ogres
  A centaur (D:6)
  2 bullfrogs
  2 scorpions
  2 howler monkeys
  2 crimson imps
  5 orc priests
  2 jellies
  2 iguanas (D:4)
  6 worker ants
  6 orc wizards
  10 gnolls
  8 adders
  An adder zombie (D:6)
  2 adder skeletons
  6 worms
  2 dart slugs (D:2)
  2 leopard geckos
  16 orcs
  A ball python (D:2)
  10 bats
  A giant cockroach (D:3)
  15 goblins
  4 hobgoblins
  4 jackals (D:3)
  7 kobolds
  A quokka (D:3)
  7 frilled lizards
  A jackal skeleton (D:4)
  A leopard gecko zombie (D:6)
  8 rats
152 creatures vanquished.

Notes
Turn   | Place    | Note
-------+----------+-------------------------------------------
     0 | D:1      | dvd the Octopode Venom Mage began the quest for the Orb.
     0 | D:1      | Reached XP level 1. HP: 11/11 MP: 3/3
    35 | D:1      | Reached skill level 5 in Poison Magic
   311 | D:1      | Reached XP level 2. HP: 17/17 MP: 3/5
   990 | D:1      | Reached XP level 3. HP: 21/21 MP: 4/6
  1128 | D:2      | Found a stormy altar of Qazlal.
  1156 | D:2      | Became a worshipper of Qazlal Stormbringer
  1721 | D:2      | Reached XP level 4. HP: 17/27 MP: 0/7
  1789 | D:2      | Learned a level 4 spell: Olgreb's Toxic Radiance
  2320 | D:3      | Reached * piety under Qazlal
  2384 | D:3      | Reached skill level 6 in Poison Magic
  2525 | D:3      | Reached XP level 5. HP: 14/31 MP: 2/9
  3067 | D:3      | Found a hide-covered altar of Uskayaw.
  3168 | D:3      | Found an iron altar of Okawaru.
  3350 | D:3      | Reached skill level 1 in Short Blades
  3373 | D:3      | Reached skill level 1 in Conjurations
  3373 | D:3      | Reached XP level 6. HP: 37/37 MP: 3/10
  3455 | D:3      | Found a white marble altar of Elyvilon.
  3663 | D:4      | Noticed Blork the orc
  3855 | D:4      | Reached skill level 1 in Fighting
  3989 | D:4      | Reached ** piety under Qazlal
  4383 | D:4      | Reached XP level 7. HP: 43/43 MP: 8/13
  4536 | D:4      | Noticed a yak
  4537 | D:4      | Noticed a yak
  4537 | D:4      | Noticed a yak
  4537 | D:4      | Noticed a yak
  4537 | D:4      | Noticed a yak
  4550 | D:4      | Killed a yak
  4550 | D:4      | Reached skill level 7 in Poison Magic
  4553 | D:4      | Killed a yak
  4555 | D:4      | Killed a yak
  4555 | D:4      | Reached skill level 5 in Spellcasting
  4555 | D:4      | Reached skill level 8 in Poison Magic
  4555 | D:4      | Reached XP level 8. HP: 44/50 MP: 1/15
  4555 | D:4      | Killed a yak
  4555 | D:4      | Killed a yak
  5019 | D:5      | Entered Level 5 of the Dungeon
  5057 | D:5      | Reached skill level 9 in Poison Magic
  5342 | D:5      | Found a shattered altar of Ashenzari.
  5470 | D:5      | Reached XP level 9. HP: 38/54 MP: 9/18
  5664 | D:5      | Found a deep blue altar of Sif Muna.
  5709 | D:5      | Found a glowing golden altar of the Shining One.
  6023 | D:5      | Reached skill level 1 in Invocations
  6812 | D:6      | Reached skill level 1 in Shields
  7201 | D:6      | Reached skill level 10 in Poison Magic
  7432 | D:6      | Noticed Prince Ribbit
  7439 | D:6      | Killed Prince Ribbit
  7439 | D:6      | Reached skill level 1 in Axes
  7597 | D:6      | Noticed Menkaure
  7610 | D:6      | Killed Menkaure
  7821 | D:6      | Found a staircase to the Ecumenical Temple.
  7855 | Temple   | Entered the Ecumenical Temple
  8578 | D:7      | Noticed a hill giant
  8588 | D:7      | Mangled by a hill giant

Vault maps used:
D:1:      dpeg_arrival_rooms_b
D:2:      grunt_qazlal_clouds
D:3:      lemuel_doored_altar, lemuel_round_altar,
          lemuel_coloured_pillars_altar, minmay_fountain_box
D:4:      hangedman_decor_riveting, minmay_misc_feat_x, uniq_blork_the_orc
D:5:      lemuel_crystal_altar, nicolae_overflow_hidden_temple,
          cheibrodos_ashenzari_chains, first_bread, tgw_sif
D:6:      corexii_checkpoint_a, uniq_menkaure, uniq_prince_ribbit1
D:7:      serial_shops, shop
Temple:   minmay_temple_curvy_loop

Skill      XL: |  1  2  3  4  5  6  7  8  9 |
---------------+----------------------------+-----
Poison Magic   | 5 6 8 9 10 | 10.4
Stealth        | 3 4 |  4.4
Spellcasting   | 3 4 5 6 7 |  7.4
Short Blades   | 1 2 3 |  3.3
Conjurations   | 1 2 |  2.8
Fighting       | 1 2 |  2.6
Dodging        | 3 |  3.3
Invocations    | 1 |  1.4
Shields        | 1 |  1.5
Axes           | 2 |  2.2

Action                   |  1- 3 |  4- 6 |  7- 9 || total
-------------------------+-------+-------+-------++-------
Melee: Short sword       |    33 |    19 |       ||    52
       Constrict         |    12 |    15 |    17 ||    44
       Unarmed           |     2 |       |       ||     2
       Tentacles         |     7 |     4 |    14 ||    25
       Rapier            |       |    38 |    81 ||   119
       War axe           |       |       |    55 ||    55
 Cast: Sting             |    46 |    55 |    53 ||   154
       Olgreb's Toxic Ra |       |    13 |    37 ||    50
Invok: Upheaval          |       |       |     6 ||     6
  Use: Scroll            |       |       |    12 ||    12
       Potion            |       |       |     1 ||     1
 Stab: Sleeping          |     4 |     1 |       ||     5
  Eat: Chunk             |     3 |    11 |    16 ||    30
       Pizza             |       |       |     2 ||     2
Armor: Skin              |     3 |     1 |    13 ||    17
Dodge: Dodged            |    19 |    28 |    72 ||   119
Block: Buckler           |       |     3 |    40 ||    43
